[ AOE2 MATCH · #506576125 ]
UnrankedAztecs vs Turks
Player's team · WIN
Rival team · LOSS
[ REPLAY ANALYSIS · EXTRACTED FROM THE RECORDED GAME ]
Feudal
10:37
Castle
22:37
Imperial
—
| APM avg | 71.9 |
| APM peak | 133 |
| eAPM avg | 31.5 |
| Villagers / military | 93 / 62 |
Focus
⚔️ 53.3% · 🌾 46.7%
Skirmisher ×25 · Eagle Scout ×15 · Archer ×8 · Militia ×6 · Monk ×4 · Spearman ×4
Feudal
9:08
Castle
20:59
Imperial
—
| APM avg | 74.5 |
| APM peak | 145 |
| eAPM avg | 38.6 |
| Villagers / military | 86 / 59 |
Focus
⚔️ 53.4% · 🌾 46.6%
Cavalry Archer ×29 · Archer ×22 · Knight ×3 · Scout Cavalry ×3 · Mangonel ×2
Match map
Initial resources + every placement click. Lines = walls · curves = elevation contours. ◆ gold · ⬟ stone · ● berries · ✦ relic · ◌ wall gap
Your base· Open — unwalled flank
Manuel hormigaiper's base· Open — 6t gap
Smoothed initial terrain · ◌ = detected wall gap · hover for details
Inputs per minute
— wR.ACCM - - Manuel hormigaiper
Build order — wR.ACCM
First 150 of 279 actions detected
| 0:01 | Create | Villager (Male) |
| 0:01 | Create | Villager (Male) |
| 0:02 | Create | Villager (Male) |
| 0:02 | Build | House |
| 0:04 | Build | House |
| 0:06 | Create | Villager (Male) |
| 0:07 | Create | Villager (Male) |
| 1:19 | Create | Villager (Male) |
| 1:20 | Create | Villager (Male) |
| 1:53 | Build | Lumber Camp |
| 2:05 | Create | Villager (Male) |
| 2:14 | Create | Villager (Male) |
| 2:14 | Create | Villager (Male) |
| 2:44 | Create | Villager (Male) |
| 3:00 | Create | Villager (Male) |
| 3:01 | Create | Villager (Male) |
| 3:29 | Create | Villager (Male) |
| 3:29 | Create | Villager (Male) |
| 3:49 | Create | Villager (Male) |
| 4:02 | Build | House |
| 4:22 | Create | Villager (Male) |
| 4:22 | Create | Villager (Male) |
| 4:31 | Build | Barracks |
| 4:54 | Create | Villager (Male) |
| 5:10 | Build | House |
| 5:14 | Create | Villager (Male) |
| 5:27 | Create | Militia |
| 5:27 | Create | Militia |
| 5:50 | Create | Villager (Male) |
| 5:50 | Create | Villager (Male) |
| 6:10 | Create | Villager (Male) |
| 6:26 | Build | Mill |
| 6:47 | Create | Villager (Male) |
| 6:50 | Build | House |
| 7:00 | Create | Villager (Male) |
| 7:27 | Create | Villager (Male) |
| 7:27 | Research | Loom |
| 8:17 | Research | Feudal Age |
| 8:17 | Research | Feudal Age |
| 8:45 | Create | Militia |
| 9:08 | Create | Militia |
| 9:13 | Build | House |
| 9:29 | Create | Militia |
| 9:30 | Create | Militia |
| 9:32 | Build | Mining Camp |
| 9:34 | Build | Farm |
| 10:23 | Create | Villager (Male) |
| 10:26 | Build | Farm |
| 10:37 | Age | Feudal Age |
| 10:46 | Build | Archery Range |
| 10:49 | Research | Man-at-Arms (upgrade) |
| 10:50 | Research | Double-Bit Axe |
| 11:01 | Create | Villager (Male) |
| 11:01 | Create | Villager (Male) |
| 11:05 | Build | Farm |
| 11:15 | Build | Palisade Wall |
| 11:16 | Build | Palisade Wall |
| 11:20 | Build | Palisade Wall |
| 11:23 | Build | Palisade Wall |
| 11:23 | Build | Palisade Wall |
| 11:35 | Create | Villager (Male) |
| 11:50 | Create | Villager (Male) |
| 12:03 | Build | Farm |
| 12:09 | Create | Villager (Male) |
| 12:18 | Create | Eagle Scout |
| 12:22 | Create | Archer |
| 12:33 | Build | House |
| 12:36 | Create | Spearman |
| 12:41 | Create | Archer |
| 12:42 | Create | Villager (Male) |
| 12:54 | Create | Villager (Male) |
| 12:59 | Build | Farm |
| 13:30 | Create | Villager (Male) |
| 13:38 | Build | House |
| 13:40 | Build | Blacksmith |
| 13:44 | Create | Archer |
| 13:51 | Build | Farm |
| 14:06 | Create | Archer |
| 14:07 | Create | Villager (Male) |
| 14:26 | Create | Archer |
| 14:30 | Create | Villager (Male) |
| 14:35 | Build | Farm |
| 14:39 | Research | Fletching |
| 14:43 | Build | House |
| 14:48 | Build | Farm |
| 14:48 | Create | Villager (Male) |
| 14:51 | Build | Palisade Wall |
| 14:53 | Build | House |
| 15:04 | Research | Padded Archer Armor |
| 15:05 | Create | Villager (Male) |
| 15:08 | Create | Archer |
| 15:16 | Create | Skirmisher |
| 15:18 | Build | House |
| 15:40 | Create | Villager (Male) |
| 15:42 | Build | Farm |
| 16:03 | Create | Skirmisher |
| 16:04 | Create | Villager (Male) |
| 16:18 | Create | Archer |
| 16:29 | Build | Farm |
| 16:29 | Build | Farm |
| 16:30 | Create | Villager (Male) |
| 16:30 | Build | Farm |
| 16:42 | Create | Eagle Scout |
| 16:45 | Build | House |
| 16:47 | Build | Farm |
| 16:51 | Create | Villager (Male) |
| 16:53 | Build | Farm |
| 17:04 | Create | Skirmisher |
| 17:20 | Create | Villager (Male) |
| 17:28 | Build | Lumber Camp |
| 17:30 | Build | Palisade Wall |
| 17:33 | Create | Skirmisher |
| 17:35 | Create | Villager (Male) |
| 18:03 | Create | Skirmisher |
| 18:15 | Create | Villager (Male) |
| 18:23 | Create | Skirmisher |
| 18:44 | Create | Villager (Male) |
| 19:01 | Build | Farm |
| 19:02 | Build | Farm |
| 19:03 | Build | Farm |
| 19:03 | Create | Villager (Male) |
| 19:05 | Build | Farm |
| 19:06 | Build | Farm |
| 19:13 | Create | Archer |
| 19:21 | Build | Farm |
| 19:41 | Build | House |
| 19:43 | Build | Palisade Wall |
| 19:57 | Research | Castle Age |
| 19:58 | Create | Spearman |
| 20:04 | Build | Barracks |
| 20:08 | Create | Spearman |
| 20:15 | Build | Barracks |
| 20:39 | Create | Eagle Scout |
| 20:39 | Create | Eagle Scout |
| 21:03 | Create | Eagle Scout |
| 21:03 | Create | Eagle Scout |
| 21:03 | Create | Eagle Scout |
| 21:06 | Research | Gold Mining |
| 21:07 | Research | Horse Collar |
| 21:10 | Build | Farm |
| 21:11 | Create | Spearman |
| 21:28 | Create | Villager (Male) |
| 21:34 | Build | Palisade Wall |
| 21:35 | Build | Farm |
| 21:41 | Create | Eagle Scout |
| 21:49 | Create | Skirmisher |
| 21:50 | Create | Skirmisher |
| 22:05 | Create | Eagle Scout |
| 22:14 | Create | Skirmisher |
| 22:16 | Build | Palisade Wall |
Build order — Manuel hormigaiper
First 150 of 265 actions detected
| 0:01 | Create | Villager (Male) ×4 |
| 0:01 | Create | Villager (Male) ×4 |
| 0:02 | Build | House |
| 0:03 | Build | House |
| 1:30 | Create | Villager (Male) |
| 1:31 | Create | Villager (Male) |
| 1:59 | Build | Lumber Camp |
| 1:59 | Create | Villager (Male) |
| 1:59 | Create | Villager (Male) |
| 2:16 | Create | Villager (Male) |
| 2:16 | Create | Villager (Male) |
| 2:37 | Create | Villager (Male) |
| 2:37 | Create | Villager (Male) |
| 3:01 | Create | Villager (Male) |
| 3:24 | Build | House |
| 3:24 | Build | House |
| 3:33 | Create | Villager (Male) |
| 3:33 | Create | Villager (Male) |
| 3:57 | Create | Villager (Male) |
| 4:31 | Create | Villager (Male) |
| 4:51 | Build | Mill |
| 4:54 | Create | Villager (Male) |
| 5:07 | Create | Villager (Male) |
| 5:07 | Create | Villager (Male) |
| 5:08 | Research | Loom |
| 5:11 | Create | Villager (Male) |
| 5:27 | Research | Loom |
| 6:07 | Build | Palisade Wall |
| 6:09 | Build | Palisade Wall |
| 6:19 | Build | Palisade Wall |
| 6:22 | Build | Palisade Wall |
| 6:24 | Build | Palisade Wall |
| 6:25 | Build | Palisade Wall |
| 6:58 | Research | Feudal Age |
| 6:58 | Research | Feudal Age |
| 7:19 | Build | Palisade Wall |
| 7:22 | Build | Palisade Wall |
| 7:27 | Build | Palisade Wall |
| 7:29 | Build | Palisade Wall |
| 7:31 | Build | Palisade Wall |
| 7:33 | Build | Palisade Wall |
| 7:52 | Build | Barracks |
| 8:00 | Build | Palisade Wall |
| 8:08 | Build | House |
| 8:20 | Create | Villager (Male) |
| 9:08 | Age | Feudal Age |
| 9:10 | Build | Archery Range |
| 9:13 | Research | Double-Bit Axe |
| 9:26 | Create | Villager (Male) |
| 9:32 | Build | Mining Camp |
| 9:41 | Build | House |
| 9:45 | Build | House |
| 9:49 | Build | Palisade Wall |
| 9:52 | Create | Villager (Male) |
| 9:58 | Build | Palisade Wall |
| 9:59 | Build | Palisade Wall |
| 10:04 | Build | Palisade Wall |
| 10:05 | Create | Archer |
| 10:14 | Create | Villager (Male) |
| 10:27 | Build | Farm |
| 10:30 | Create | Villager (Male) |
| 10:51 | Create | Archer |
| 10:52 | Create | Villager (Male) |
| 10:55 | Build | Farm |
| 10:56 | Build | Farm |
| 11:12 | Build | Palisade Wall |
| 11:13 | Build | Palisade Wall |
| 11:16 | Build | Palisade Wall |
| 11:18 | Create | Archer |
| 11:27 | Create | Villager (Male) |
| 11:35 | Create | Archer |
| 11:41 | Build | Palisade Wall |
| 11:43 | Build | Farm |
| 11:45 | Build | Farm |
| 11:46 | Build | Farm |
| 11:50 | Create | Villager (Male) |
| 12:08 | Create | Archer |
| 12:15 | Build | House |
| 12:17 | Build | House |
| 12:25 | Create | Villager (Male) |
| 12:26 | Create | Archer |
| 12:31 | Build | House |
| 12:32 | Build | House |
| 12:34 | Create | Villager (Male) |
| 12:47 | Create | Villager (Male) |
| 12:47 | Create | Archer |
| 12:58 | Build | Blacksmith |
| 13:05 | Create | Villager (Male) |
| 13:05 | Create | Archer |
| 13:16 | Build | Palisade Wall |
| 13:18 | Create | Archer |
| 13:28 | Create | Villager (Male) |
| 13:29 | Create | Archer |
| 13:36 | Create | Archer |
| 13:41 | Create | Villager (Male) |
| 13:44 | Research | Fletching |
| 13:47 | Build | Farm |
| 14:03 | Create | Archer |
| 14:09 | Create | Villager (Male) |
| 14:10 | Create | Archer |
| 14:11 | Build | Farm |
| 14:22 | Create | Villager (Male) |
| 14:40 | Build | Farm |
| 14:42 | Build | Farm |
| 14:49 | Create | Villager (Male) |
| 14:51 | Build | House |
| 14:53 | Build | House |
| 14:55 | Create | Archer |
| 15:02 | Create | Villager (Male) |
| 15:02 | Create | Archer |
| 15:13 | Research | Town Watch |
| 15:17 | Research | Padded Archer Armor |
| 15:32 | Create | Archer |
| 15:38 | Create | Villager (Male) |
| 15:40 | Build | Farm |
| 15:48 | Build | Palisade Wall |
| 16:17 | Create | Archer |
| 16:20 | Create | Villager (Male) |
| 16:22 | Build | Farm |
| 16:22 | Create | Villager (Male) |
| 16:26 | Build | House |
| 16:27 | Build | House |
| 16:37 | Create | Archer |
| 16:39 | Build | Farm |
| 16:40 | Build | Farm |
| 16:42 | Build | Farm |
| 16:52 | Create | Villager (Male) |
| 16:54 | Build | Farm |
| 17:20 | Build | Farm |
| 17:22 | Build | Farm |
| 17:28 | Build | House |
| 17:30 | Build | Palisade Wall |
| 17:30 | Build | Palisade Wall |
| 17:59 | Create | Archer |
| 18:19 | Research | Castle Age |
| 18:19 | Research | Castle Age |
| 18:25 | Create | Archer |
| 18:28 | Build | Archery Range |
| 19:15 | Build | Stable |
| 19:35 | Create | Archer |
| 19:49 | Build | Palisade Wall |
| 19:51 | Build | Palisade Gate |
| 19:53 | Build | Palisade Wall |
| 19:57 | Create | Scout Cavalry |
| 20:06 | Research | Horse Collar |
| 20:07 | Create | Villager (Male) |
| 20:15 | Create | Archer |
| 20:17 | Create | Villager (Male) |
| 20:32 | Build | Lumber Camp |
| 20:59 | Age | Castle Age |
Match timeline
| 4:31 | wR.ACCM · first_building Barracks |
| 6:07 | Manuel hormigaiper · wall_segment Palisade Wall x2 |
| 6:09 | Manuel hormigaiper · wall_segment Palisade Wall x2 |
| 6:19 | Manuel hormigaiper · wall_segment Palisade Wall x2 |
| 6:22 | Manuel hormigaiper · wall_segment Palisade Wall x1 |
| 6:24 | Manuel hormigaiper · wall_segment Palisade Wall x1 |
| 6:25 | Manuel hormigaiper · wall_segment Palisade Wall x1 |
| 7:19 | Manuel hormigaiper · wall_segment Palisade Wall x1 |
| 7:22 | Manuel hormigaiper · wall_segment Palisade Wall x1 |
| 7:27 | Manuel hormigaiper · wall_segment Palisade Wall x1 |
| 7:29 | Manuel hormigaiper · wall_segment Palisade Wall x1 |
| 7:31 | Manuel hormigaiper · wall_segment Palisade Wall x1 |
| 7:33 | Manuel hormigaiper · wall_segment Palisade Wall x1 |
| 7:52 | Manuel hormigaiper · first_building Barracks |
| 8:00 | Manuel hormigaiper · wall_segment Palisade Wall x1 |
| 9:08 | Manuel hormigaiper · age_up feudal |
| 9:10 | Manuel hormigaiper · first_building Archery Range |
| 9:49 | Manuel hormigaiper · wall_segment Palisade Wall x1 |
| 9:58 | Manuel hormigaiper · wall_segment Palisade Wall x1 |
| 9:59 | Manuel hormigaiper · wall_segment Palisade Wall x1 |
| 10:04 | Manuel hormigaiper · wall_segment Palisade Wall x1 |
| 10:37 | wR.ACCM · age_up feudal |
| 10:46 | wR.ACCM · first_building Archery Range |
| 11:12 | Manuel hormigaiper · wall_segment Palisade Wall x2 |
| 11:13 | Manuel hormigaiper · wall_segment Palisade Wall x1 |
| 11:15 | wR.ACCM · wall_segment Palisade Wall x1 |
| 11:16 | wR.ACCM · wall_segment Palisade Wall x1 |
| 11:16 | Manuel hormigaiper · wall_segment Palisade Wall x1 |
| 11:20 | wR.ACCM · wall_segment Palisade Wall x1 |
| 11:23 | wR.ACCM · wall_segment Palisade Wall x1 |
| 11:23 | wR.ACCM · wall_segment Palisade Wall x1 |
| 11:41 | Manuel hormigaiper · wall_segment Palisade Wall x2 |
| 13:16 | Manuel hormigaiper · wall_segment Palisade Wall x1 |
| 14:51 | wR.ACCM · wall_segment Palisade Wall x1 |
| 15:48 | Manuel hormigaiper · wall_segment Palisade Wall x1 |
| 17:30 | Manuel hormigaiper · wall_segment Palisade Wall x1 |
| 17:30 | Manuel hormigaiper · wall_segment Palisade Wall x1 |
| 17:30 | wR.ACCM · wall_segment Palisade Wall x8 |
| 19:15 | Manuel hormigaiper · first_building Stable |
| 19:43 | wR.ACCM · wall_segment Palisade Wall x3 |
| 19:49 | Manuel hormigaiper · wall_segment Palisade Wall x1 |
| 19:53 | Manuel hormigaiper · wall_segment Palisade Wall x1 |
| 20:59 | Manuel hormigaiper · age_up castle |
| 21:08 | Manuel hormigaiper · wall_segment Palisade Wall x4 |
| 21:09 | Manuel hormigaiper · wall_segment Palisade Wall x1 |
| 21:10 | Manuel hormigaiper · wall_segment Palisade Wall x1 |
| 21:34 | wR.ACCM · wall_segment Palisade Wall x16 |
| 22:12 | Manuel hormigaiper · wall_segment Palisade Wall x5 |
| 22:16 | wR.ACCM · wall_segment Palisade Wall x2 |
| 22:37 | wR.ACCM · age_up castle |
| 23:00 | wR.ACCM · first_building Monastery |
| 25:47 | Manuel hormigaiper · first_building Siege Workshop |
| 28:19 | Manuel hormigaiper · wall_segment Palisade Wall x10 |
| 29:06 | Manuel hormigaiper · wall_segment Palisade Wall x1 |
| 29:32 | wR.ACCM · first_building Siege Workshop |
| 30:01 | Manuel hormigaiper · wall_segment Palisade Wall x2 |
| 30:33 | Manuel hormigaiper · wall_segment Palisade Wall x1 |
| 30:40 | Manuel hormigaiper · resign |
[ AI ANALYSIS · 1 CREDIT ]
What really happened in this match?
Wolo.gg analyzes every decision: build order, eco, micro, common mistakes by bracket. Personalized analysis on WhatsApp or Discord in 30 seconds.
Civ guide
Aztecs
Perfil
ACCM